 Dungeon Crawl Stone Soup version 0.29-a0-284-gf9362112df (webtiles) character file.

Game seed: 1628274294220788243

274 Oblizorion the Chopper (level 6, -16/53 HPs)
             Began as a Hill Orc Fighter on Mar 17, 2022.
             Demolished by an ogre
             ... wielding a +0 giant club
              (27 damage)
             ... on level 4 of the Dungeon.
             The game lasted 00:19:35 (3835 turns).

Oblizorion the Chopper (Hill Orc Fighter)           Turns: 3835, Time: 00:19:35

Health: -16/53     AC: 10    Str: 21    XL:     6   Next: 24%
Magic:  6/6        EV:  7    Int:  8    God:
Gold:   80         SH:  4    Dex: 10    Spells: 5/5 levels left

rFire   . . .      SeeInvis .   a - +0 war axe
rCold   . . .      Faith    .   c - +0 buckler
rNeg    . . .      Spirit   .   i - +0 chain mail
rPois   .          Reflect  .   s - +0 helmet
rElec   .          Harm     .   (no cloak)
rCorr   .          Rampage  .   (no gloves)
Will    .....                   (no boots)
Stlth   ..........              (no amulet)
HPRegen 0.17/turn               (no ring)
MPRegen 0.10/turn               (no ring)

@: no status effects
A: no striking features
a: no special abilities


You were on level 4 of the Dungeon.
You visited 1 branch of the dungeon, and saw 4 of its levels.

You collected 125 gold pieces.
You spent 45 gold pieces at shops.

Inventory:

Hand Weapons
 a - a +0 war axe (weapon)
 f - a +2 whip of electrocution
 g - a +1 dagger of speed
 j - a +1 mace of protection
 q - a +1 dagger of speed
Missiles
 p - 5 silver boomerangs (quivered)
Armour
 c - a +0 buckler (worn)
 i - a +0 chain mail (worn)
 s - a +0 helmet (worn)
Jewellery
 m - a ring of protection from cold
Wands
 d - a wand of flame (15)
Scrolls
 b - 3 scrolls of identify
 l - a scroll of fog {unknown}
 n - a scroll of magic mapping {unknown}
 o - a scroll of teleportation {unknown}
Potions
 e - 2 potions of heal wounds {unknown}
 h - a potion of resistance {unknown}
 k - a potion of magic {unknown}
 r - a potion of curing {unknown}


   Skills:
 + Level 4.5 Fighting
 + Level 5.5 Axes
 + Level 4.3 Armour
 + Level 0.4 Dodging
 + Level 4.6 Shields


You had 5 spell levels left.
You didn't know any spells.
Your spell library contained the following spells:

 Spells                   Type           Power      Damage    Failure   Level
 Slow                     Hex            0%         N/A       99%         1
 Summon Small Mammal      Summ           0%         N/A       99%         1
 Call Canine Familiar     Summ           0%         N/A       100%        3
 Confusing Touch          Hex            0%         N/A       100%        3
 Portal Projectile        Hex/Tloc       0%         N/A       100%        3
 Summon Guardian Golem    Hex/Summ       0%         N/A       100%        3
 Vampiric Draining        Necr           0%         2d6       100%        3
 Blade Hands              Tmut           0%         N/A       100%        5
 Excruciating Wounds      Necr           0%         N/A       100%        5


Dungeon Overview and Level Annotations

Branches:
Dungeon (4/15)
 Temple: D:4-7

Altars:
Sif Muna

Shops:
D:1 [   D:2 (   D:3 [


Message History

There is an entrance to Sarah's Armour Shoppe here.
s - a +0 helmet Thank you for shopping at Sarah's Armour Shoppe!
You start putting on your armour.
You continue putting on your +0 helmet. x4
You finish putting on your +0 helmet.
There is a fountain of clear blue water here.
You see here a +0 dagger.
You see here a bat skeleton.
You see here a bat skeleton.
There is a stone staircase leading up here.
There is a stone staircase leading up here.
You see here a +0 falchion.
Things that are here:
a +0 dagger; a +0 hunting sling
Things that are here:
a +0 whip; a stone Done exploring.
There is a stone staircase leading down here.
You climb downwards.
The ogre shouts!
There is a stone staircase leading up here.
The ogre barely misses you.
An endoplasm comes into view.
You hit the ogre but do no damage. You hit the ogre.
The ogre is moderately wounded.
The ogre hits you with a +0 giant club!
You slash the ogre!
The ogre is heavily wounded.
You slash the endoplasm!
You kill the endoplasm!
The ogre hits you with a +0 giant club.
There is a stone staircase leading up, spattered with blood here.
You hit the ogre.
The ogre is severely wounded.
The ogre hits you with a +0 giant club!!
* * * LOW HITPOINT WARNING * * *
The ogre hits you with a +0 giant club!!
Ouch! That really hurt!
You die...

### #####
... ...
#.##.#
#...@#
###O##
#.......#
#########


You could see an ogre.

Vanquished Creatures
  A black bear (D:2)
  A jelly (D:3)
  2 orc priests (D:3)
  An adder (D:2)
  2 worms (D:2)
  3 orcs (D:3)
  5 endoplasms
  5 giant cockroaches
  6 hobgoblins
  8 jackals
  3 quokkas
  4 ball pythons
  9 bats
  A frilled lizard (D:1)
  9 goblins
  9 kobolds
  9 rats
78 creatures vanquished.

Vanquished Creatures (collateral kills)
  A kobold (D:2)
1 creature vanquished.

Vanquished Creatures (others)
  8 plants (D:1)
8 creatures vanquished.

Grand Total: 87 creatures vanquished

Notes
Turn   | Place    | Note
-------+----------+-------------------------------------------
     0 | D:1      | Oblizorion the Hill Orc Fighter began the quest for the
                  | Orb.
     0 | D:1      | Reached XP level 1. HP: 19/19 MP: 1/1
   104 | D:1      | Reached XP level 2. HP: 24/27 MP: 2/2
   552 | D:1      | Found Joyfoptu's Armour Emporium.
   559 | D:1      | Reached XP level 3. HP: 33/33 MP: 3/3
   564 | D:1      | Reached skill level 3 in Axes
   566 | D:1      | Found a faded altar of an unknown god.
  1598 | D:2      | Found Oshrivi's Weapon Shoppe.
  2110 | D:2      | Found a shimmering blue altar of Sif Muna.
  2200 | D:2      | Reached XP level 4. HP: 40/40 MP: 4/4
  2416 | D:2      | Noticed a black bear
  2422 | D:2      | Killed a black bear
  2423 | D:2      | Reached skill level 4 in Axes
  2423 | D:2      | Reached XP level 5. HP: 46/46 MP: 5/5
  3007 | D:3      | Reached skill level 5 in Axes
  3032 | D:3      | Reached XP level 6. HP: 42/53 MP: 6/6
  3225 | D:3      | Found Sarah's Armour Shoppe.
  3675 | D:3      | Bought a +0 helmet for 45 gold pieces
  3835 | D:4      | Demolished by an ogre

Illustrated notes

Levels and vault maps discovered:
D:1:      kilobyte_arrival_exit_the_forest, layout_basic,
          hellmonk_ecumenical_altar_dog_temple, serial_forest,
          infiniplex_forest_end_2, infiniplex_forest_clump_small,
          infiniplex_forest_clump_curved, infiniplex_forest_clump_curved,
          infiniplex_forest_zigzag_1, infiniplex_forest_end_double,
          serial_shops, nicolae_diamond_shop
D:2:      layout_loops_ring, basic_altar, serial_shops, nicolae_shop_stone
D:3:      layout_loops_ring, serial_shops, shop_fountains, serial_glass,
          glass_columns_b, glass_columns_a, st_stairs_2
D:4:      layout_basic, lemuel_tele_altar, marbit_many_paths,
          lemuel_mausoleum_altar_yredelemnul, skrybe_limestone_x, minivault_23,
          sigmund_army, uniq_duvessa

Skill      XL: |  1  2  3  4  5 |
---------------+----------------+-----
Fighting       | 4 |  4.5
Axes           | 3 4 5 |  5.5
Shields        | 4 |  4.6
Armour         | 4 |  4.3
Dodging        | |  0.4

Action                   |  1- 3 |  4- 6 || total
-------------------------+-------+-------++-------
Melee: War axe           |   142 |    93 ||   235
  Use: Scroll            |     3 |     1 ||     4
       Potion            |       |     2 ||     2
Armor: Scale mail        |    13 |       ||    13
       Chain mail        |    62 |    61 ||   123
Dodge: Dodged            |    45 |    46 ||    91
Block: Buckler           |    36 |    22 ||    58

Table legend: (Time is in decaauts)
 A = Elapsed time spent in this place.
 B = Non-inter-level travel time spent in this place.
 C = Inter-level travel time spent in this place.
 D = Time resting spent in this place.
 E = Time spent auto-exploring this place.
 F = Levels seen in this place.
 G = Mean time per level.
                   A        B        C        D        E       F      G
               +--------+--------+--------+--------+--------+-----+--------+
         Total |   3931 |   3834 |     97 |   1056 |   1314 |   4 |  982.8 |
       Dungeon |   3931 |   3834 |     97 |   1056 |   1314 |   4 |  982.8 |
               +--------+--------+--------+--------+--------+-----+--------+

Top non-repeatable levels by time:
     D:1: 1621 daAuts
     D:3: 1246 daAuts
     D:2: 1055 daAuts
     D:4: 7 daAuts
